 Dungeon Crawl Stone Soup version 0.30-b1-2-g02819fbbbe (webtiles) character file.

Game seed: 10824492230819367500

2506 Metae the Fighter (level 9, -1/82 HPs)
             Began as a Minotaur Fighter on June 13, 2023.
             Succumbed to barbed spike wounds
             ... on level 7 of the Dungeon.
             The game lasted 00:25:24 (6215 turns).

Metae the Fighter (Minotaur Fighter)                Turns: 6215, Time: 00:25:25

Health: -1/82      AC: 19    Str: 41    XL:     9   Next: 28%
Magic:  8/8        EV:  8    Int:  5    God:
Gold:   382        SH:  6    Dex: 16    Spells: 8/8 levels left

rFire   . . .        D - +6 trident of the Old World {drain, *Rage Fragile rN+++ Str+10}
rCold   . . .        c - +0 buckler
rNeg    + + +        d - +1 plate armour
rPois   .            (helmet restricted)
rElec   .            m - +2 cloak
rCorr   .            l - +0 pair of gloves
SInv    .            (no boots)
Will    .....        (no amulet)
Stlth   x              - +6 ring of dexterity
HPRegen 0.33/turn    F - +6 ring of strength
MPRegen 0.11/turn

%: random rage (20%)
@: spiked, on berserk cooldown, slowed, very slow
A: horns 2, retaliatory headbutt
a: no special abilities


You were on level 7 of the Dungeon.
You visited 1 branch of the dungeon, and saw 7 of its levels.

You collected 382 gold pieces.

Inventory:

Hand Weapons
 a - a +1 flail
 D - the +6 trident of the Old World (weapon) {drain, *Rage Fragile rN+++ Str+10}
   (You found it on level 5 of the Dungeon)

   Str:       It affects your strength (+10).
   rN:        It renders you almost immune to negative energy.
   *Rage:     It berserks you when you make melee attacks (+20% chance).
   Fragile:   It will be destroyed if unequipped.
Missiles
 n - 2 javelins
 q - 56 stones (quivered)
 u - 8 boomerangs
Armour
 c - a +0 buckler (worn)
 d - a +1 plate armour (worn)
 l - a +0 pair of gloves (worn)
 m - a +2 cloak (worn)
 H - a scarf of repulsion
 I - a +0 chain mail of fire resistance
Jewellery
 x - a +6 ring of dexterity (left hand)
 F - a +6 ring of strength (right hand)
 J - a ring of see invisible
 L - a ring of wizardry
Wands
 E - a wand of iceblast (8)
 K - a wand of flame (11)
 M - a wand of digging (9)
Scrolls
 b - a scroll of enchant weapon
 f - 2 scrolls of teleportation {unknown}
 g - 2 scrolls of blinking
 h - 3 scrolls of vulnerability
 j - 2 scrolls of silence
 p - a scroll of fear
 r - 2 scrolls of immolation {unknown}
 s - 2 scrolls of brand weapon {unknown}
 t - a scroll of summoning {unknown}
 y - a scroll of poison {unknown}
 z - 2 scrolls of enchant armour {unknown}
 C - 4 scrolls of identify {unknown}
 G - a scroll of fog {unknown}
Potions
 e - 3 potions of lignification {unknown}
 i - a potion of flight {unknown}
 k - 4 potions of haste {unknown}
 o - 2 potions of curing
 v - 3 potions of magic {unknown}
 w - a potion of ambrosia {unknown}
 A - 2 potions of mutation {unknown}
 B - a potion of berserk rage {unknown}


   Skills:
 + Level 8.4 Fighting
 - Level 5.3 Maces & Flails
 + Level 5.6 Polearms
 + Level 8.3 Armour
 - Level 7.4 Shields
 + Level 2.5 Evocations


You had 8 spell levels left.
You didn't know any spells.
Your spell library contained the following spells:

 Spells                   Type           Power      Damage    Failure   Level
 Scorch                   Fire           0%         2d5       99%         2
 Dazzling Flash           Conj/Hex       0%         N/A       100%        3
 Volatile Blastmotes      Fire/Tloc      0%         2d10      100%        3
 Flame Wave               Conj/Fire      0%         2d4       100%        4
 Iskenderun's Mystic Bla  Conj/Tloc      0%         2d3       100%        4
 Starburst                Conj/Fire      0%         6d3       100%        6
 Summon Cactus Giant      Summ           0%         N/A       100%        6


Dungeon Overview and Level Annotations

Branches:
Dungeon (7/15)
 Temple: D:4-7

Altars:
Cheibriados
Dithmenos
Elyvilon
Fedhas
Hepliaklqana
Qazlal
Uskayaw
Xom
Zin


Innate Abilities, Weirdness & Mutations

You have a pair of horns on your head.
You reflexively headbutt those who attack you in melee.


Message History

You are exhausted.
You feel yourself slow down.
Things that are here:
a +0 war axe; a +0 giant club; an ogre corpse The barbed spikes dig painfully into your body as you move.
The manticore flicks its tail.
The volley of spikes hits you!
The barbed spikes become lodged in your body.
* * * LOW HITPOINT WARNING * * *
The barbed spikes dig painfully into your body as you move.
* * * LOW HITPOINT WARNING * * *
The manticore flicks its tail.
The volley of spikes hits you!
The barbed spikes become lodged in your body.
* * * LOW HITPOINT WARNING * * *
It was a potion of curing.
You feel better.
The manticore flicks its tail.
The volley of spikes hits you!
The barbed spikes become lodged in your body.
* * * LOW HITPOINT WARNING * * *
The barbed spikes dig painfully into your body as you move.
* * * LOW HITPOINT WARNING * * *
The manticore flicks its tail.
The volley of spikes hits you but does no damage.
Blink to where?
Press: ? - help, Dir - move target, p - manticore
As you read the scroll of blinking, it crumbles to dust.
You feel better.
The barbed spikes dig painfully into your body as you move.
* * * LOW HITPOINT WARNING * * *
Found a sling.
The barbed spikes dig painfully into your body as you move.
* * * LOW HITPOINT WARNING * * *
You feel better.
The barbed spikes dig painfully into your body as you move.
* * * LOW HITPOINT WARNING * * *
The barbed spikes dig painfully into your body as you move.
* * * LOW HITPOINT WARNING * * *
The barbed spikes dig painfully into your body as you move.
You die...

#.##H#..⌠.H...#.
#.##.##..#...#.
#######
#.##.H##.......
#[#...#
#.###..##.!...#
##.###.###.#
#..###.##
#...#......# #H# ..
##...##.##### #.#
#.....#..########H#
#.....##.....@..H.#
##...##.<#####..#.#
####...[##.##
#.##.# ....#......#
#.##.. ####.#######
#.####. #..# #.# .)
#..# ... ..
#..######### ###
.## #..)).......


You could see 2 manticores.

Vanquished Creatures
  Grinder (D:5)
  A steam dragon (D:7)
  The ghost of Aldia the Digger, an amateur GrEE of the Shining One (D:4)
  2 orc warriors
  An ice beast (D:7)
  A sky beast (D:4)
  An ogre (D:7)
  A centaur (D:6)
  The ghost of groll the Conjurer, an amateur OpCj (D:3)
  A kobold brigand (D:3)
  2 bullfrogs
  2 scorpions (D:6)
  A wyvern zombie (D:6)
  2 water moccasin zombies (D:6)
  3 howler monkeys
  2 jellies
  A centaur zombie (D:6)
  3 orc priests
  A hound (D:6)
  4 sleepcaps
  6 iguanas
  4 orc wizards
  3 killer bee zombies (D:6)
  A howler monkey zombie (D:6)
  5 adders
  2 shadow imps
  A white imp (D:6)
  3 ufetubi
  A worm (D:2)
  A dart slug (D:1)
  29 orcs
  7 endoplasms
  3 giant cockroaches
  5 goblins
  9 hobgoblins
  4 quokkas
  8 ball pythons
  4 bats
  14 frilled lizards
  18 kobolds
  11 rats
171 creatures vanquished.

Vanquished Creatures (others)
  4 plants (D:3)
  3 withered plants (D:6)
7 creatures vanquished.

Grand Total: 178 creatures vanquished

Notes
Turn   | Place    | Note
-------+----------+-------------------------------------------
     0 | D:1      | Metae the Minotaur Fighter began the quest for the Orb.
     0 | D:1      | Reached XP level 1. HP: 19/19 MP: 0/0
    78 | D:1      | Reached XP level 2. HP: 27/27 MP: 1/1
   668 | D:1      | Reached XP level 3. HP: 31/33 MP: 2/2
   769 | D:1      | Found a faded altar of an unknown god.
  1402 | D:2      | Reached XP level 4. HP: 41/41 MP: 3/3
  1786 | D:3      | Found a runed translucent gate.
  1786 | D:3      | Found a runed translucent gate.
  1786 | D:3      | Found a runed translucent gate.
  1791 | D:3      | Noticed groll's ghost (amateur OpCj)
  1794 | D:3      | Noticed a kobold brigand
  2013 | D:3      | Found a snail-covered altar of Cheibriados.
  2015 | D:3      | Found a hide-covered altar of Uskayaw.
  2892 | D:4      | Reached XP level 5. HP: 47/47 MP: 4/4
  3115 | D:4      | Found a hazy altar of Hepliaklqana.
  3125 | D:4      | Found a shadowy altar of Dithmenos.
  3126 | D:4      | Noticed a shadow
  3274 | D:4      | Reached skill level 5 in Fighting
  3274 | D:4      | Reached skill level 5 in Armour
  3274 | D:4      | Reached skill level 5 in Shields
  3341 | D:4      | Noticed a sky beast
  3350 | D:4      | Killed a sky beast
  3351 | D:4      | Reached XP level 6. HP: 41/56 MP: 5/5
  3474 | D:4      | Found a blossoming altar of Fedhas.
  3509 | D:4      | Found a runed translucent gate.
  3510 | D:4      | Found a runed translucent gate.
  3511 | D:4      | Found a runed translucent gate.
  3513 | D:4      | Noticed an orc warrior
  3528 | D:4      | Noticed Aldia's ghost (amateur GrEE)
  3724 | D:5      | Entered Level 5 of the Dungeon
  3749 | D:5      | Noticed a troll
  3806 | D:5      | Noticed Grinder
  3821 | D:5      | Killed Grinder
  3822 | D:5      | Reached skill level 5 in Maces & Flails
  3822 | D:5      | Reached XP level 7. HP: 33/62 MP: 6/6
  3982 | D:5      | Identified the +6 trident of the Old World {drain, *Rage
                  | Fragile rN+++ Str+10}
  4041 | D:5      | Found a shimmering altar of Xom.
  4042 | D:5      | Found a shimmering altar of Xom.
  4042 | D:5      | Found a shimmering altar of Xom.
  4047 | D:5      | Found a shimmering altar of Xom.
  4701 | D:4      | Reached skill level 1 in Polearms
  4708 | D:4      | Killed Aldia's ghost
  4925 | D:3      | Reached XP level 8. HP: 61/71 MP: 7/7
  4933 | D:3      | Killed groll's ghost
  5469 | D:6      | Reached skill level 1 in Evocations
  5716 | D:6      | Found a stormy altar of Qazlal.
  5926 | D:7      | Reached skill level 5 in Polearms
  5926 | D:7      | Reached XP level 9. HP: 65/81 MP: 8/8
  6190 | D:7      | Found a white marble altar of Elyvilon.
  6191 | D:7      | Found a glowing silver altar of Zin.
  6192 | D:7      | Found a shimmering altar of Xom.
  6192 | D:7      | Found a snail-covered altar of Cheibriados.
  6196 | D:7      | Noticed a manticore
  6197 | D:7      | Noticed a manticore
  6207 | D:7      | HP: 1/82 [barbs]
  6214 | D:7      | HP: 4/82 [barbs]
  6215 | D:7      | Succumbed to barbed spike wounds

Illustrated notes

Levels and vault maps discovered:
D:1:      lightli_arrival_boilingwater, layout_basic,
          shapermc_ecumenical_altar_notcrosses
D:2:      layout_loops_ring
D:3:      layout_basic, jmf_multi_god_temple, gammafunk_ghost_nasty_kobolds,
          dk_noncrumbling_2
D:4:      layout_rooms, riverfiend_overflow_shadow_ancestor,
          fedhas_altar_fruit_tree, biasface_ghost_orc_armoury
D:5:      layout_rooms, xom_redecorated, st_stairs_14, lightli_corner_chamber,
          uniq_grinder
D:6:      layout_basic, mainiacjoe_overflow_brackets, serial_undead,
          serial_undead_d, serial_undead_c, serial_undead_e, serial_undead_c,
          serial_undead_c, serial_undead_c, hangedman_decor_lopped,
          hangedman_decor_growths
D:7:      minmay_the_grid_octo_tiled_squarecenter [minmay_the_grid_octo_77,
          minmay_the_grid_octo_shrine, minmay_the_grid_octo_clover,
          minmay_the_grid_octo_odd_swirl,
          minmay_the_grid_square_5x5_megaprize_checkered,
          minmay_the_grid_square_5x5_beaten_path,
          minmay_the_grid_square_5x5_inner_i, minmay_the_grid_square_5x5_bite,
          minmay_the_grid_square_5x5_minibox], layout_loops_ring, serial_shops,
          nicolae_shop_tiny_glass, hellmonk_no_cap, uniq_duvessa

Skill      XL: |  1  2  3  4  5  6  7  8  9 |
---------------+----------------------------+-----
Fighting       | 4 5 6 8 |  8.4
Armour         | 4 5 6 7 8 |  8.3
Shields        | 4 5 6 7 |  7.4
Maces & Flails | 3 4 5 |  5.3
Polearms       | 2 5 |  5.6
Evocations     | 1 2 |  2.5

Action                     |  1- 3 |  4- 6 |  7- 9 || total
---------------------------+-------+-------+-------++-------
  Melee: Flail             |   116 |   118 |    17 ||   251
         Headbutt          |    14 |    19 |    30 ||    63
         Trident           |       |       |   151 ||   151
  Throw: Stone             |       |       |     5 ||     5
    Use: Scroll            |       |     6 |     1 ||     7
         Potion            |       |       |     4 ||     4
 Armour: Scale mail        |    19 |       |       ||    19
         Chain mail        |    44 |    66 |    21 ||   131
         Plate armour      |       |       |    67 ||    67
  Dodge: Dodged            |    46 |    42 |    46 ||   134
  Block: Buckler           |    23 |    26 |    37 ||    86
